 Dungeon Crawl Stone Soup version 0.26.1-11-gd32895ea62 (webtiles) character file.

Game seed: 15208344470203718554

79 phalm the Covert (level 4, -7/40 (41) HPs)
             Began as a Gnoll Delver on June 7, 2021.
             Was an Initiate of Okawaru.
             Killed from afar by Ijyb (21 damage)
             ... with a bolt of acid
             ... on level 5 of the Dungeon.
             The game lasted 00:01:38 (666 turns).

phalm the Covert (Gnoll Delver)                      Turns: 666, Time: 00:01:39

HP:   -7/40 (41)    AC:  0    Str: 15    XL:     4   Next: 38%
MP:   5/5           EV: 14    Int: 13    God:    Okawaru [......]
Gold: 8             SH:  0    Dex: 16    Spells: 5/5 levels left

rFire    . . .     SeeInvis .   a - +0 falchion
rCold    . . .     Faith    .   (no shield)
rNeg     . . .     Spirit   .   b - +0 leather armour
rPois    .         Reflect  .   (no helmet)
rElec    .         Harm     .   (no cloak)
rCorr    .         Rampage  .   (no gloves)
Will     .....                  (no boots)
Stlth    ++++......             (no amulet)
HPRegen  0.13/turn              (no ring)
MPRegen  0.09/turn              (no ring)

@: corroded, lightly drained
A: distributed training, fangs 1, strong nose
a: Renounce Religion


You were on level 5 of the Dungeon.
You worshipped Okawaru.
Okawaru was noncommittal.
You visited 1 branch of the dungeon, and saw 2 of its levels.

You collected 8 gold pieces.


Innate Abilities, Weirdness & Mutations

Your experience applies equally to all skills.
You have very sharp teeth.
Your uncanny sense of smell can sniff out nearby items.


   Skills:
 + Level 6.6 Fighting
 + Level 1.1 Short Blades
 + Level 4.6 Long Blades
 + Level 1.1 Axes
 + Level 1.1 Maces & Flails
 + Level 1.1 Polearms
 + Level 1.1 Staves
 + Level 1.1 Slings
 + Level 1.1 Bows
 + Level 1.1 Crossbows
 + Level 1.1 Throwing
 + Level 1.1 Armour
 + Level 4.6 Dodging
 + Level 9.6 Stealth
 + Level 1.1 Shields
 + Level 1.1 Unarmed Combat
 + Level 1.1 Spellcasting
 + Level 0.9 Conjurations
 + Level 0.9 Hexes
 + Level 0.9 Summonings
 + Level 0.9 Necromancy
 + Level 0.9 Translocations
 + Level 0.9 Transmutations
 + Level 0.9 Fire Magic
 + Level 0.9 Ice Magic
 + Level 0.9 Air Magic
 + Level 0.9 Earth Magic
 + Level 0.9 Poison Magic
 + Level 1.2 Invocations
 + Level 1.1 Evocations


You had 5 spell levels left.
You didn't know any spells.
Your spell library was empty.

Inventory:

Hand Weapons
 a - a +0 falchion (weapon)
Missiles
 h - 30 stones (quivered)
Armour
 b - a +0 leather armour (worn)
Wands
 g - a wand of digging (3)
Scrolls
 c - a scroll of fog
 d - a scroll of magic mapping {!r}
 e - a scroll of fear
Potions
 f - a potion of haste {@q3}

Dungeon Overview and Level Annotations

Branches:
Dungeon (5/15)
 Temple: D:4-7

Altars:
Cheibriados
Okawaru

Shops:
D:5 :=

Annotations:
D:5 Ijyb

### #.. #.# #.######
####.......
#####.@...#######
#.....g.......... #
#.###........###.#
#.#
..........#.###?#
#.#
..∩............#.#
#..
#...........#.#.#.#
###
#####......##.#.#.#
# #....#.$....#.# #
#....####.#.#.######


You could see Ijyb.


Message History

Your Spellcasting skill increases to level 1!
Your Invocations skill increases to level 1!
Your Evocations skill increases to level 1!
You have reached level 3!
Your experience leads to an increase in your attributes!
Increase (S)trength, (I)ntelligence, or (D)exterity?
You feel stronger.
You have reached level 4!
You feel clever. 😱 HP[+3]
You now have 41 max hp (+12).
You regained 3 hp, and now have 10/41 hp.
h - 6 stones (gained 1)
h - 7 stones (gained 1)
h - 8 stones (gained 1)
h - 9 stones (gained 1)
Found Cyin's Jewellery Shoppe. 😎 HP[+31] MP[+3]
Your hp is fully restored (41).
Your mp is fully restored (5).
Found a snail-covered altar of Cheibriados.
There is an entrance to Cyin's Jewellery Shoppe here.
Found a stone staircase leading up.
(D) Dungeon
Where to? (? - help)
There is a stone staircase leading up here.
You climb upwards.
An adder and Ijyb come into view.
Ijyb is wielding a +0 dagger of draining and carrying a wand of acid (8).
Ijyb shouts!
The adder hisses angrily.
Found an escape hatch in the floor.
Found a stone staircase leading down.
There is a stone staircase leading down here.
You climb downwards.
There is a stone staircase leading up here.
An orc comes into view.
h - 30 stones (gained 21)
A white imp and a zombie come into view.
Found a stone staircase leading up.
Found a stone staircase leading down.
The white imp shouts, "Crawl home, thou puny dizzy-eyed wastrel!"
Found Asarav's Book Emporium.
The white imp gestures at you. The puff of frost misses you.
The quokka zombie misses you. The quokka zombie barely misses you.
You slash the quokka zombie!
You destroy the quokka zombie!
Okawaru accepts your kill. The white imp gestures at you.
The puff of frost hits you! 😕 HP[-8]
You take 8 damage, and now have 33/41 hp.
You closely miss the white imp.
The white imp grins evilly.
The white imp hits you but does no damage.
You hit the white imp but do no damage. The white imp closely misses you.
You riposte.
You closely miss the white imp. You hit the white imp but do no damage.
The white imp misses you. 😕 HP[+1]
You hit the white imp but do no damage. The white imp closely misses you.
You hit the white imp but do no damage. The white imp gestures at you.
The puff of frost hits you! 😮 HP[-8]
You take 8 damage, and now have 26/41 hp.
You hit the white imp.
The white imp hits you but does no damage.
You slash the white imp!
You kill the white imp!
Okawaru accepts your kill.
There is a stone staircase leading up here. 😮 HP[+1]
You start resting. 😎 HP[+14]
Your hp is fully restored (41).
You climb upwards.
Level annotation: Ijyb
There is a stone staircase leading down here.
You barely miss Ijyb.
Ijyb zaps a wand.
The bolt of acid hits you! The acid corrodes you!
You are splashed with acid!
* * * LOW HITPOINT WARNING * * *
😨 HP[-27]
You take 27 damage, and now have 14/41 hp.
MASSIVE DAMAGE!! (PAUSE) Ijyb hits you with a +0 dagger of draining.
* * * LOW HITPOINT WARNING * * *
You feel drained.
You climb downwards.
There is a stone staircase leading up here. 😨 HP[-1]
You now have 40 max hp (-1).
You hit Ijyb but do no damage. Ijyb closely misses you.
You riposte.
You hit Ijyb.
You bite Ijyb, but do no damage. 😨 HP[+1]
You barely miss Ijyb. Ijyb closely misses you.
You riposte.
You barely miss Ijyb. You closely miss Ijyb.
Ijyb zaps a wand.
The bolt of acid hits you!!
Ouch! That really hurt!
You die...

Skill      XL: |  1  2 |
---------------+-------+-----
Stealth        | |  9.6
Short Blades   | 1 |  1.1
Axes           | 1 |  1.1
Maces & Flails | 1 |  1.1
Polearms       | 1 |  1.1
Staves         | 1 |  1.1
Slings         | 1 |  1.1
Bows           | 1 |  1.1
Crossbows      | 1 |  1.1
Throwing       | 1 |  1.1
Armour         | 1 |  1.1
Shields        | 1 |  1.1
Unarmed Combat | 1 |  1.1
Spellcasting   | 1 |  1.1
Invocations    | 1 |  1.2
Evocations     | 1 |  1.1
Fighting       | |  6.6
Long Blades    | |  4.6
Dodging        | |  4.6
Conjurations   | |  0.9
Hexes          | |  0.9
Summonings     | |  0.9
Necromancy     | |  0.9
Translocations | |  0.9
Transmutations | |  0.9
Fire Magic     | |  0.9
Ice Magic      | |  0.9
Air Magic      | |  0.9
Earth Magic    | |  0.9
Poison Magic   | |  0.9

Action                   |  1- 3 |  4- 6 || total
-------------------------+-------+-------++-------
Melee: Falchion          |    19 |    12 ||    31
       Bite              |     3 |     1 ||     4
Throw: Stone             |     5 |       ||     5
 Stab: Sleeping          |     1 |       ||     1
Armor: Leather armour    |     3 |     2 ||     5
Dodge: Dodged            |    17 |     8 ||    25
       Rpst.: Falchion   |     3 |     3 ||     6

Levels and vault maps discovered:
D:4:      layout_cave_pools, old_standard_altar, uniq_edmund, uniq_ijyb,
          uniq_pikel
D:5:      layout_loops_ring, okawaru_ov_weapons_minmay,
          grunt_temple_overflow_cloverleaf, serial_shops, kennysheep_mini,
          nicolae_shop_crystal, nicolae_shop_stone, shop, shop, basic_altar

Notes
Turn   | Place    | Note
-------+----------+-------------------------------------------
     0 | D:5      | Reached skill level 9 in Stealth
     0 | D:5      | phalm the Gnoll Delver began the quest for the Orb.
     0 | D:5      | Reached XP level 1. HP: 23/23 MP: 1/1
     0 | D:5      | magus.rc [v1.9.10]
     5 | D:5      | Found an iron altar of Okawaru.
    12 | D:5      | Reached XP level 2. HP: 22/29 MP: 2/2
    27 | D:5      | Became a worshipper of Warmaster Okawaru
   231 | D:5      | HP: 7/29 [water moccasin zombie (6)]
   233 | D:5      | Reached skill level 1 in Short Blades
   233 | D:5      | Reached skill level 1 in Axes
   233 | D:5      | Reached skill level 1 in Maces & Flails
   233 | D:5      | Reached skill level 1 in Polearms
   233 | D:5      | Reached skill level 1 in Staves
   233 | D:5      | Reached skill level 1 in Slings
   233 | D:5      | Reached skill level 1 in Bows
   233 | D:5      | Reached skill level 1 in Crossbows
   233 | D:5      | Reached skill level 1 in Throwing
   233 | D:5      | Reached skill level 1 in Armour
   233 | D:5      | Reached skill level 1 in Shields
   233 | D:5      | Reached skill level 1 in Unarmed Combat
   233 | D:5      | Reached skill level 1 in Spellcasting
   233 | D:5      | Reached skill level 1 in Invocations
   233 | D:5      | Reached skill level 1 in Evocations
   233 | D:5      | Reached XP level 3. HP: 9/35 MP: 2/4
   233 | D:5      | Reached XP level 4. HP: 10/41 MP: 2/5
   482 | D:5      | Found Cyin's Jewellery Shoppe.
   485 | D:5      | Found a snail-covered altar of Cheibriados.
   519 | D:4      | Noticed Ijyb
   537 | D:5      | Found Asarav's Book Emporium.
   666 | D:5      | Killed from afar by Ijyb

Vanquished Creatures
  A water moccasin zombie (D:5)
  An adder (D:5)
  A white imp (D:5)
  An ufetubus (D:5)
  A frilled lizard (D:5)
  A quokka zombie (D:5)
6 creatures vanquished.

Table legend:
 A = Non-vault XP
 B = Vault XP
 C = Vault XP percentage of total XP
 D = Non-vault monster count
 E = Vault monster count
 F = Vault count percentage of total count
                 A         B        C        D         E       F
            +---------+---------+-------+---------+---------+-------
      Total |     114 |       0 |   0.0 |       6 |       0 |   0.0
            +---------+---------+-------+---------+---------+-------
        D:5 |     114 |       0 |   0.0 |       6 |       0 |   0.0
            +---------+---------+-------+---------+---------+-------

Illustrated notes

Table legend:
 A = Kills in this place as a percentage of kills in entire the game.
 B = Kills by you in this place as a percentage of kills by you in the entire game.
 C = Kills by friends in this place as a percentage of kills by friends in the entire game.
 D = Other kills in this place as a percentage of other kills in the entire game.
 E = Experience gained in this place as a percentage of experience gained in the entire game.
 F = Experience gained in this place divided by the number of levels of this place that you have seen.
                   A       B       C       D       E      F
               +-------+-------+-------+-------+-------+----------------------
         Total | 100.0 | 100.0 |   N/A |   N/A | 100.0 |  57.0
       Dungeon | 100.0 | 100.0 |   N/A |   N/A | 100.0 |  57.0
               +-------+-------+-------+-------+-------+----------------------

Table legend: (Time is in decaauts)
 A = Elapsed time spent in this place.
 B = Non-inter-level travel time spent in this place.
 C = Inter-level travel time spent in this place.
 D = Time resting spent in this place.
 E = Time spent auto-exploring this place.
 F = Levels seen in this place.
 G = Mean time per level.
                   A        B        C        D        E       F      G
               +--------+--------+--------+--------+--------+-----+--------+
         Total |    669 |    661 |      8 |    108 |    473 |   2 |  334.5 |
       Dungeon |    669 |    661 |      8 |    108 |    473 |   2 |  334.5 |
               +--------+--------+--------+--------+--------+-----+--------+

Top non-repeatable levels by time:
     D:5: 664 daAuts
     D:4: 5 daAuts
